[Event "Walton Rating Tournament 2023"]
[Site "Dhaka"]
[Date "2024.01.02"]
[Round "5.2"]
[White "Sakline Mostafa, Sajid"]
[Black "Mohammad Minhaz Uddin"]
[Result "1/2-1/2"]
[ECO "E11"]
[WhiteElo "2110"]
[BlackElo "2221"]
[Annotator "RC"]
[PlyCount "110"]
[EventDate "2023.12.30"]
[EventType "swiss"]
[EventCountry "BAN"]
[SourceTitle "playchess.com"]
[Source "ChessBase"]
[SourceQuality "1"]
[TimeControl "5400+30"]

1. d4 Nf6 2. c4 e6 3. Nf3 Bb4+ 4. Nbd2 d5 5. a3 Be7 6. g3 a5 7. Bg2 O-O 8. O-O b6 9. cxd5 exd5 10. Qc2 Bb7 11. b3 Re8 12. Bb2 Bd6 13. Ne5 Ra7 14. e3 Nfd7 15. Ndf3 Nf8 16. Nh4 f6 17. Nd3 g6 18. Bf3 Nbd7 19. Ng2 Ne6 20. h4 Kg7 21. b4 Qa8 22. b5 a4 23. Bc3 c6 24. bxc6 Bxc6 25. Bb4 Bb8 26. Rfc1 Bb7 27. Qa2 b5 28. Rab1 Nb6 29. Bc5 Nxc5 30. dxc5 Nc4 31. Rxb5 Bc6 32. Rbb1 Ne5 33. Nxe5 fxe5 34. Ne1 Rf7 35. Bg2 e4 36. Nc2 Be5 37. Nd4 Bxd4 38. exd4 Ref8 39. Rf1 Qa5 40. Qe2 Qc7 41. Rb6 Rf6 42. Qe3 Qd7 43. Qg5 h6 44. Qe3 Rf3 45. Bxf3 Rxf3 46. Qe2 Qg4 47. Rxc6 Rxg3+ 48. fxg3 Qxe2 49. Rc7+ Kg8 50. Rc8+ Kg7 51. Rc7+ Kg8 52. Rb1 Qe3+ 53. Kg2 Qf3+ 54. Kh2 Qf2+ 55. Kh3 Qf5+ 1/2-1/2

[Event "Walton Rating Tournament 2023"]
[Site "Dhaka"]
[Date "2024.01.02"]
[Round "5.4"]
[White "Ahmed, Sheikh Nasir"]
[Black "Manon, Reja Neer"]
[Result "1/2-1/2"]
[ECO "B33"]
[WhiteElo "2193"]
[BlackElo "2243"]
[Annotator "RC"]
[PlyCount "54"]
[EventDate "2023.12.30"]
[EventType "swiss"]
[EventCountry "BAN"]
[SourceTitle "playchess.com"]
[Source "ChessBase"]
[SourceQuality "1"]
[TimeControl "5400+30"]

1. e4 c5 2. Nf3 Nc6 3. d4 cxd4 4. Nxd4 Nf6 5. Nc3 e5 6. Ndb5 d6 7. Bg5 a6 8. Na3 b5 9. Nd5 Be7 10. Bxf6 Bxf6 11. c3 Bg5 12. Nc2 O-O 13. a4 bxa4 14. Rxa4 a5 15. Bc4 Rb8 16. b3 Kh8 17. O-O f5 18. exf5 Bxf5 19. Nce3 Bg6 20. f3 Ne7 21. Kh1 Bxe3 22. Nxe3 Qb6 23. Nd5 Nxd5 24. Bxd5 Bf7 25. Bxf7 Rxf7 26. b4 axb4 27. Rxb4 Qc7 1/2-1/2

[Event "Walton Rating Tournament 2023"]
[Site "Dhaka"]
[Date "2024.01.02"]
[Round "5.5"]
[White "Anata, Choudhury"]
[Black "Rahman, Syed Mahfuzur"]
[Result "1/2-1/2"]
[ECO "B33"]
[WhiteElo "2196"]
[BlackElo "2088"]
[Annotator "RC"]
[PlyCount "70"]
[EventDate "2023.12.30"]
[EventType "swiss"]
[EventCountry "BAN"]
[SourceTitle "playchess.com"]
[Source "ChessBase"]
[SourceQuality "1"]
[TimeControl "5400+30"]

1. e4 c5 2. Nf3 Nc6 3. d4 cxd4 4. Nxd4 Nf6 5. Nc3 e5 6. Ndb5 d6 7. Nd5 Nxd5 8. exd5 Nb8 9. a4 Be7 10. Be2 O-O 11. Bd2 f5 12. a5 Nd7 13. O-O Nf6 14. Be3 Bd7 15. Nxa7 Qe8 16. c4 f4 17. Bb6 Qg6 18. Ra3 e4 19. Kh1 Ng4 20. a6 bxa6 21. Nc6 Bf6 22. f3 Nxh2 23. Kxh2 Qg3+ 24. Kh1 Bh3 25. gxh3 Qxh3+ 26. Kg1 Qg3+ 27. Kh1 e3 28. Rxe3 fxe3 29. Bxe3 Qh3+ 30. Kg1 Rae8 31. Qd2 Qg3+ 32. Kh1 Qh3+ 33. Kg1 Qg3+ 34. Kh1 Qh3+ 35. Kg1 Qg3+ 1/2-1/2

[Event "Walton Rating Tournament 2023"]
[Site "Dhaka"]
[Date "2024.01.02"]
[Round "5.6"]
[White "Rahman, Ziaur"]
[Black "Sajidul, Haque"]
[Result "1-0"]
[ECO "A13"]
[WhiteElo "2436"]
[BlackElo "1875"]
[Annotator "RC"]
[PlyCount "43"]
[EventDate "2023.12.30"]
[EventType "swiss"]
[EventCountry "BAN"]
[SourceTitle "playchess.com"]
[Source "ChessBase"]
[SourceQuality "1"]
[TimeControl "5400+30"]

1. b3 d5 2. Bb2 e6 3. Nf3 Nf6 4. e3 Nbd7 5. c4 Be7 6. Nc3 b6 7. cxd5 exd5 8. Nd4 Bb7 9. Bb5 c5 10. Nc6 Qc8 11. Nxe7 Kxe7 12. d4 Rd8 13. Rc1 Kf8 14. O-O Kg8 15. Qe2 Qb8 16. Na4 Qd6 17. dxc5 bxc5 18. Bxf6 gxf6 19. Bxd7 Rxd7 20. Nxc5 Re7 21. Nxb7 Rxb7 22. Qg4+ 1-0

[Event "Walton Rating Tournament 2023"]
[Site "Dhaka"]
[Date "2024.01.03"]
[Round "6.1"]
[White "Mohammad Minhaz Uddin"]
[Black "Subrota, Biswas"]
[Result "1/2-1/2"]
[ECO "B15"]
[WhiteElo "2221"]
[BlackElo "2223"]
[Annotator "RC"]
[PlyCount "46"]
[EventDate "2023.12.30"]
[EventType "swiss"]
[EventCountry "BAN"]
[SourceTitle "playchess.com"]
[Source "ChessBase"]
[SourceQuality "1"]
[TimeControl "5400+30"]

1. e4 c6 2. d4 d5 3. Nc3 dxe4 4. Nxe4 Nf6 5. Nxf6+ exf6 6. c3 Bd6 7. Bd3 O-O 8. Qc2 Re8+ 9. Ne2 h5 10. O-O h4 11. h3 Nd7 12. Bd2 Nf8 13. Rae1 g6 14. f4 f5 15. Bc4 Qc7 16. Qd1 b5 17. Bb3 Be6 18. Nc1 Re7 19. Nd3 Rae8 20. Bxe6 Nxe6 21. b4 a5 22. a3 axb4 23. axb4 Nf8 1/2-1/2

[Event "Walton Rating Tournament 2023"]
[Site "Dhaka"]
[Date "2024.01.03"]
[Round "6.2"]
[White "Sakline Mostafa, Sajid"]
[Black "Zia, Tahsin Tajwar"]
[Result "0-1"]
[ECO "D37"]
[WhiteElo "2110"]
[BlackElo "2303"]
[Annotator "RC"]
[PlyCount "115"]
[EventDate "2023.12.30"]
[EventType "swiss"]
[EventCountry "BAN"]
[SourceTitle "playchess.com"]
[Source "ChessBase"]
[SourceQuality "1"]
[TimeControl "5400+30"]

1. d4 Nf6 2. c4 e6 3. Nf3 d5 4. Nc3 Nbd7 5. Bf4 Bb4 6. Qa4 c5 7. dxc5 Bxc3+ 8. bxc3 O-O 9. Bd6 Re8 10. e3 Ne4 11. cxd5 exd5 12. Qa3 Qf6 13. Rd1 Ne5 14. Bxe5 Rxe5 15. Be2 Bg4 16. Rd4 Rf5 17. Qb4 Re8 18. Rf1 h5 19. h3 Bxf3 20. gxf3 Ng5 21. f4 Ne6 22. Rd3 Qe7 23. c6 bxc6 24. Qxe7 Rxe7 25. Kd1 g6 26. Rd2 Nc5 27. Rd4 Rf6 28. Bf3 Rd6 29. Kc2 Ne6 30. Rd2 Rb7 31. Rb1 Rbd7 32. Rbd1 Kg7 33. Bg2 Kf6 34. Bf3 Ke7 35. Be2 c5 36. c4 d4 37. Rb1 Ra6 38. Rb2 Rdd6 39. f5 gxf5 40. Bxh5 Rdb6 41. Kb1 Ra4 42. Be2 Ra3 43. Rxb6 axb6 44. exd4 Nxd4 45. Rd3 Ra4 46. Re3+ Kf6 47. Bd3 Rb4+ 48. Kc1 Ra4 49. Kb2 Ra8 50. h4 Rg8 51. Rg3 Rg4 52. Rh3 Rg2 53. h5 Rxf2+ 54. Kc1 Rxa2 55. h6 Ra8 56. Rh2 Rh8 57. Rb2 Rxh6 58. Rxb6+ 0-1

[Event "Walton Rating Tournament 2023"]
[Site "Dhaka"]
[Date "2024.01.03"]
[Round "6.3"]
[White "Rahman, Syed Mahfuzur"]
[Black "Rahman, Ziaur"]
[Result "1/2-1/2"]
[ECO "E62"]
[WhiteElo "2088"]
[BlackElo "2436"]
[Annotator "RC"]
[PlyCount "55"]
[EventDate "2023.12.30"]
[EventType "swiss"]
[EventCountry "BAN"]
[SourceTitle "playchess.com"]
[Source "ChessBase"]
[SourceQuality "1"]
[TimeControl "5400+30"]

1. d4 Nf6 2. c4 g6 3. Nc3 Bg7 4. Nf3 O-O 5. g3 d6 6. Bg2 c6 7. O-O Bf5 8. h3 Ne4 9. Qb3 Nxc3 10. Qxc3 Be4 11. Qb3 Qb6 12. Be3 d5 13. c5 Qa6 14. Rfc1 b6 15. cxb6 axb6 16. Bf1 Bxf3 17. exf3 Qa5 18. Rc2 Rc8 19. Bb5 e6 20. a3 c5 21. dxc5 bxc5 22. Rxc5 Rxc5 23. Bxc5 Na6 24. Rc1 Rc8 25. Bxa6 Rxc5 26. Rxc5 Qxc5 27. Qb8+ Bf8 28. Kg2 1/2-1/2

[Event "Walton Rating Tournament 2023"]
[Site "Dhaka"]
[Date "2024.01.03"]
[Round "6.5"]
[White "Manon, Reja Neer"]
[Black "Md Mutakabbir"]
[Result "1-0"]
[ECO "C02"]
[WhiteElo "2243"]
[BlackElo "1887"]
[Annotator "RC"]
[PlyCount "53"]
[EventDate "2023.12.30"]
[EventType "swiss"]
[EventCountry "BAN"]
[SourceTitle "playchess.com"]
[Source "ChessBase"]
[SourceQuality "1"]
[TimeControl "5400+30"]

1. e4 e6 2. d4 d5 3. e5 c5 4. c3 Nc6 5. Nf3 Qb6 6. a3 c4 7. Nbd2 Na5 8. Rb1 Bd7 9. h4 f6 10. h5 fxe5 11. Nxe5 Nf6 12. g3 Bd6 13. Bh3 Bxe5 14. dxe5 Ng8 15. Qg4 Nh6 16. Qxg7 Nf7 17. Nf3 Nb3 18. Ng5 O-O-O 19. Nxf7 Rdf8 20. Be3 d4 21. Nxh8 Re8 22. cxd4 Nxd4 23. Rd1 Qc6 24. Rxd4 Qxh1+ 25. Bf1 Bb5 26. Nf7 Kb8 27. Nd6 1-0

[Event "Walton Rating Tournament 2023"]
[Site "Dhaka"]
[Date "2024.01.03"]
[Round "6.6"]
[White "Swarnavo Choudhury"]
[Black "Anata, Choudhury"]
[Result "1/2-1/2"]
[ECO "B91"]
[WhiteElo "2056"]
[BlackElo "2196"]
[Annotator "RC"]
[PlyCount "40"]
[EventDate "2023.12.30"]
[EventType "swiss"]
[EventCountry "BAN"]
[SourceTitle "playchess.com"]
[Source "ChessBase"]
[SourceQuality "1"]
[TimeControl "5400+30"]

1. e4 c5 2. Nf3 d6 3. d4 cxd4 4. Nxd4 Nf6 5. Nc3 a6 6. g3 e5 7. Nde2 Be7 8. Bg2 b5 9. h3 h5 10. Bg5 Nbd7 11. O-O Nb6 12. Bxf6 Bxf6 13. Nd5 Nxd5 14. Qxd5 Be6 15. Qc6+ Ke7 16. Nc3 Qb8 17. Nd5+ Bxd5 18. Qxd5 Rc8 19. c3 Rc5 20. Qd2 Qb7 1/2-1/2

[Event "Walton Rating Tournament 2023"]
[Site "Dhaka"]
[Date "2024.01.03"]
[Round "7.1"]
[White "Zia, Tahsin Tajwar"]
[Black "Subrota, Biswas"]
[Result "1/2-1/2"]
[ECO "E30"]
[WhiteElo "2303"]
[BlackElo "2223"]
[Annotator "ChessBase"]
[PlyCount "36"]
[EventDate "2023.12.30"]
[EventType "swiss"]
[EventCountry "BAN"]
[SourceTitle "playchess.com"]
[Source "ChessBase"]
[SourceQuality "1"]
[TimeControl "5400+30"]

1. d4 Nf6 2. c4 e6 3. Nc3 d5 4. Bg5 Bb4 5. e3 h6 6. Bh4 O-O 7. cxd5 exd5 8. Bd3 c6 9. Qc2 Re8 10. Nf3 Be7 11. Nd2 a5 12. O-O Na6 13. a3 Bd6 14. Kh1 g5 15. Bg3 Bxg3 16. hxg3 Kg7 17. Kg1 b5 18. Rfe1 Bg4 1/2-1/2

[Event "Walton Rating Tournament 2023"]
[Site "Dhaka"]
[Date "2024.01.03"]
[Round "7.3"]
[White "Mohammad Minhaz Uddin"]
[Black "abzid, Rahman"]
[Result "1/2-1/2"]
[ECO "B29"]
[WhiteElo "2221"]
[BlackElo "2004"]
[Annotator "RC"]
[PlyCount "204"]
[EventDate "2023.12.30"]
[EventType "swiss"]
[EventCountry "BAN"]
[SourceTitle "playchess.com"]
[Source "ChessBase"]
[SourceQuality "1"]
[TimeControl "5400+30"]

1. e4 c5 2. Nf3 Nf6 3. Nc3 d5 4. e5 Nfd7 5. Qe2 e6 6. d3 Nc6 7. g3 b5 8. Bg2 b4 9. Nd1 Be7 10. h4 a5 11. O-O h6 12. c4 dxc4 13. dxc4 Bb7 14. Re1 Qb6 15. Ne3 Nd4 16. Nxd4 cxd4 17. Bxb7 Qxb7 18. Nc2 Bc5 19. Rd1 Qb6 20. b3 Rd8 21. Bb2 Nb8 22. Ne1 Nc6 23. Nd3 g5 24. h5 O-O 25. Rd2 Be7 26. Qe4 Rd7 27. Rad1 a4 28. Ne1 Bc5 29. Rd3 a3 30. Bc1 Ne7 31. Rf3 Qc6 32. Qxc6 Nxc6 33. Nd3 Be7 34. Re1 Kg7 35. Bd2 Kh7 36. g4 Kg7 37. Kg2 Ra7 38. Rh3 Ra5 39. Re4 f5 40. exf6+ Rxf6 41. Rh1 Bd6 42. Rc1 Bc5 43. Rce1 Kf7 44. Ne5+ Nxe5 45. Rxe5 Ke7 46. Rxc5 Rxc5 47. Bxb4 Kd6 48. Bxa3 Kc6 49. Bb4 Kb6 50. Re4 e5 51. Bxc5+ Kxc5 52. Rxe5+ Kb4 53. Rd5 Kc3 54. c5 d3 55. b4 Rf4 56. b5 Kc4 57. Rd8 Rxg4+ 58. Kf1 Kxb5 59. Rxd3 Rh4 60. Rc3 Kc6 61. Kg2 Rxh5 62. Rc4 g4 63. Kg3 Rf5 64. Rxg4 Rxc5 65. Rg6+ Kd7 66. Rxh6 Ra5 67. Rh1 Rxa2 68. Re1 Ra8 69. f4 Rg8+ 70. Kf3 Rg7 71. f5 Re7 72. Rh1 Ke8 73. Kf4 Kf8 74. Ra1 Rb7 75. Ra8+ Kf7 76. Kg5 Rc7 77. Ra6 Rb7 78. Rh6 Kg8 79. Kg6 Rg7+ 80. Kf6 Ra7 81. Rg6+ Kf8 82. Rg4 Ra6+ 83. Kg5 Ra7 84. Rb4 Rg7+ 85. Kf4 Ra7 86. Rb6 Kf7 87. Kg5 Kg7 88. Rg6+ Kf8 89. Rf6+ Kg8 90. Rh6 Kf8 91. Rf6+ Kg8 92. Rd6 Kf8 93. Kf6 Rf7+ 94. Ke5 Re7+ 95. Kf4 Ra7 96. Rd8+ Kf7 97. Kg5 Kg7 98. Rd6 Kf8 99. Rg6 Rb7 100. Rf6+ Kg7 101. Rh6 Rb1 102. Rg6+ Kf7 1/2-1/2

[Event "Walton Rating Tournament 2023"]
[Site "Dhaka"]
[Date "2024.01.03"]
[Round "7.4"]
[White "Ahmed, Sheikh Nasir"]
[Black "Hasan, Sk. Rashedul"]
[Result "1-0"]
[ECO "B70"]
[WhiteElo "2193"]
[BlackElo "1807"]
[Annotator "RC"]
[PlyCount "91"]
[EventDate "2023.12.30"]
[EventType "swiss"]
[EventCountry "BAN"]
[SourceTitle "playchess.com"]
[Source "ChessBase"]
[SourceQuality "1"]
[TimeControl "5400+30"]

1. e4 c5 2. Nf3 g6 3. d4 cxd4 4. Nxd4 Nf6 5. Nc3 Nc6 6. g3 Bg7 7. Nde2 O-O 8. Bg2 d6 9. O-O Be6 10. Nd5 Qc8 11. Bg5 Rd8 12. c3 Bh3 13. Bxf6 Bxg2 14. Kxg2 exf6 15. Nd4 Re8 16. Nb5 Rd8 17. Qf3 f5 18. exf5 gxf5 19. Rad1 Qd7 20. Nf4 Be5 21. Ne2 Kh8 22. Nbd4 Ne7 23. Nf4 Rg8 24. Nd5 Ng6 25. Kh1 f4 26. Qh5 Rac8 27. Nf3 Rc5 28. b4 Rcc8 29. Rd3 Qb5 30. Rfd1 Qc4 31. Qf5 fxg3 32. fxg3 Qxa2 33. Nf6 Rgf8 34. Nxe5 dxe5 35. Qh5 Kg7 36. Ng4 Qc4 37. Kg1 Rc6 38. Nxe5 Nxe5 39. Qxe5+ Kg8 40. Rd8 Rc8 41. Qg5+ Kh8 42. Qf6+ Kg8 43. R8d5 h6 44. R1d4 Qe2 45. Rg5+ hxg5 46. Qxg5+ 1-0

[Event "Walton Rating Tournament 2023"]
[Site "Dhaka"]
[Date "2024.01.03"]
[Round "7.5"]
[White "Rahman, Ziaur"]
[Black "Chowdhury, Sohel"]
[Result "1-0"]
[ECO "D02"]
[WhiteElo "2436"]
[BlackElo "1956"]
[Annotator "RC"]
[PlyCount "76"]
[EventDate "2023.12.30"]
[EventType "swiss"]
[EventCountry "BAN"]
[SourceTitle "playchess.com"]
[Source "ChessBase"]
[SourceQuality "1"]
[TimeControl "5400+30"]

1. d4 d5 2. Bf4 Nf6 3. e3 e6 4. Nf3 c5 5. c3 Bd6 6. Ne5 O-O 7. Nd2 Nc6 8. Bd3 Qc7 9. Ndf3 b6 10. h4 Bb7 11. h5 Ne7 12. g4 Ne4 13. g5 Nf5 14. g6 f6 15. gxh7+ Kxh7 16. Ng6 Rfe8 17. Bxd6 Qxd6 18. Qe2 cxd4 19. Nxd4 Nh6 20. O-O-O f5 21. f3 Nc5 22. Bc2 Rac8 23. Rhg1 b5 24. Kb1 a6 25. f4 Rc7 26. Ne5 Qf8 27. Rg6 Rce7 28. Rdg1 Ne4 29. Ka1 Nd6 30. Ndf3 Ndf7 31. Rxg7+ Qxg7 32. Rxg7+ Kxg7 33. Qg2+ Ng4 34. Nxg4 fxg4 35. Qxg4+ Kf8 36. Qg6 e5 37. f5 d4 38. f6 Bxf3 1-0

[Event "Walton Rating Tournament 2023"]
[Site "Dhaka"]
[Date "2024.01.03"]
[Round "7.6"]
[White "Anata, Choudhury"]
[Black "Sajidul, Haque"]
[Result "1/2-1/2"]
[ECO "B15"]
[WhiteElo "2196"]
[BlackElo "1875"]
[Annotator "ChessBase"]
[PlyCount "49"]
[EventDate "2023.12.30"]
[EventType "swiss"]
[EventCountry "BAN"]
[SourceTitle "playchess.com"]
[Source "ChessBase"]
[SourceQuality "1"]
[TimeControl "5400+30"]

1. e4 c6 2. d4 d5 3. Nd2 dxe4 4. Nxe4 Nf6 5. Nxf6+ exf6 6. c3 Bd6 7. Bd3 O-O 8. Qc2 Re8+ 9. Ne2 h5 10. O-O h4 11. h3 Nd7 12. Bf4 Nf8 13. Bxd6 Qxd6 14. Rfe1 b6 15. Qd2 Bb7 16. Qf4 Qxf4 17. Nxf4 Rad8 18. Bc4 Bc8 19. Kf1 Ne6 20. Nxe6 Bxe6 21. Bxe6 fxe6 22. Re4 g5 23. Rae1 Kf7 24. R1e3 Rd5 25. Ke2 1/2-1/2

[Event "Walton Rating Tournament 2023"]
[Site "Dhaka"]
[Date "2024.01.04"]
[Round "8.1"]
[White "Manon, Reja Neer"]
[Black "Zia, Tahsin Tajwar"]
[Result "1-0"]
[ECO "B01"]
[WhiteElo "2243"]
[BlackElo "2303"]
[Annotator "RC"]
[PlyCount "81"]
[EventDate "2023.12.30"]
[EventType "swiss"]
[EventCountry "BAN"]
[SourceTitle "playchess.com"]
[Source "ChessBase"]
[SourceQuality "1"]
[TimeControl "5400+30"]

1. e4 d5 2. exd5 Qxd5 3. d4 Nc6 4. Nf3 e5 5. Nc3 Bb4 6. Bd2 Bxc3 7. Bxc3 e4 8. Ne5 Nxe5 9. dxe5 Be6 10. Qxd5 Bxd5 11. O-O-O O-O-O 12. Rxd5 Rxd5 13. Bc4 Rd8 14. Bxf7 Nh6 15. Bb3 Rhe8 16. Re1 Ng4 17. Bf7 Re7 18. e6 Rd6 19. Rxe4 Nxf2 20. Re1 Rd5 21. Bxg7 Rf5 22. h3 h5 23. Kd2 Kd8 24. b4 b6 25. a4 c6 26. c4 h4 27. Bf8 Rf4 28. Bxe7+ Kxe7 29. Ke3 Rf5 30. a5 c5 31. axb6 axb6 32. b5 Kd6 33. Ra1 Ke7 34. Ra7+ Kf6 35. Ra1 Ke7 36. Bg8 Kd6 37. Ra7 Rf8 38. Rd7+ Ke5 39. e7 Rxg8 40. Rd8 Nd1+ 41. Kd2 1-0

[Event "Walton Rating Tournament 2023"]
[Site "Dhaka"]
[Date "2024.01.04"]
[Round "8.2"]
[White "Subrota, Biswas"]
[Black "Ahmed, Sheikh Nasir"]
[Result "0-1"]
[ECO "B48"]
[WhiteElo "2223"]
[BlackElo "2193"]
[Annotator "RC"]
[PlyCount "42"]
[EventDate "2023.12.30"]
[EventType "swiss"]
[EventCountry "BAN"]
[SourceTitle "playchess.com"]
[Source "ChessBase"]
[SourceQuality "1"]
[TimeControl "5400+30"]

1. e4 c5 2. Nf3 e6 3. d4 cxd4 4. Nxd4 Nc6 5. Nc3 Qc7 6. Be3 a6 7. g4 b5 8. Nxc6 dxc6 9. Qf3 Bd6 10. g5 Bb7 11. O-O-O Be5 12. Bc5 Ne7 13. h4 O-O 14. Bh3 Rfd8 15. Rdg1 Bd4 16. Bxd4 Rxd4 17. h5 Qe5 18. Rg4 c5 19. Bg2 Rad8 20. Qe3 Qd6 21. Ne2 Rd1+ 0-1

[Event "Walton Rating Tournament 2023"]
[Site "Dhaka"]
[Date "2024.01.04"]
[Round "8.3"]
[White "abzid, Rahman"]
[Black "Rahman, Ziaur"]
[Result "0-1"]
[ECO "E13"]
[WhiteElo "2004"]
[BlackElo "2436"]
[Annotator "RC"]
[PlyCount "100"]
[EventDate "2023.12.30"]
[EventType "swiss"]
[EventCountry "BAN"]
[SourceTitle "playchess.com"]
[Source "ChessBase"]
[SourceQuality "1"]
[TimeControl "5400+30"]

1. d4 Nf6 2. c4 e6 3. Nc3 Bb4 4. Nf3 b6 5. Bg5 Bb7 6. e3 h6 7. Bh4 g5 8. Bg3 Ne4 9. Qc2 h5 10. Bd3 Bxc3+ 11. bxc3 Nxg3 12. hxg3 Nc6 13. Bg6 Qf6 14. Be4 O-O-O 15. Rb1 d5 16. cxd5 exd5 17. Bd3 h4 18. gxh4 gxh4 19. Qe2 Kb8 20. Bb5 Bc8 21. Rxh4 Rxh4 22. Nxh4 Qxh4 23. Bxc6 Rd6 24. Bb5 Qe4 25. Bd3 Qxg2 26. Kd2 Rh6 27. Qf1 Qf3 28. Be2 Qe4 29. Bd3 Qe7 30. Qg2 Rd6 31. Rb5 Be6 32. Qg3 Rd8 33. Rb3 Kb7 34. Qf3 Qd7 35. Bb5 Qd6 36. Bd3 a5 37. c4 Qc6 38. c5 Qa4 39. Qf6 Qxa2+ 40. Bc2 Re8 41. f4 Rg8 42. Kc3 Qa1+ 43. Rb2 Qe1+ 44. Kb3 a4+ 45. Ka2 a3 46. Rxb6+ cxb6 47. Qe7+ Ka8 48. cxb6 Qa5 49. Qc7 Qa6 50. Ba4 Qc4+ 0-1

[Event "Walton Rating Tournament 2023"]
[Site "Dhaka"]
[Date "2024.01.04"]
[Round "8.4"]
[White "Rahman, Syed Mahfuzur"]
[Black "Mohammad Minhaz Uddin"]
[Result "0-1"]
[ECO "A46"]
[WhiteElo "2088"]
[BlackElo "2221"]
[Annotator "RC"]
[PlyCount "118"]
[EventDate "2023.12.30"]
[EventType "swiss"]
[EventCountry "BAN"]
[SourceTitle "playchess.com"]
[Source "ChessBase"]
[SourceQuality "1"]
[TimeControl "5400+30"]

1. d4 Nf6 2. Nf3 e6 3. g3 b5 4. Bg2 Bb7 5. a4 b4 6. c4 c5 7. O-O Qc8 8. b3 Be7 9. Bb2 O-O 10. Nbd2 cxd4 11. Rc1 Na6 12. Bxd4 d6 13. Qc2 e5 14. Ba1 Nc5 15. Rfe1 Nfe4 16. Nf1 f5 17. N3d2 h5 18. Rcd1 h4 19. Bb2 Qe8 20. Nxe4 Bxe4 21. Bxe4 fxe4 22. Bc1 Qf7 23. Be3 h3 24. Nd2 Rac8 25. Nxe4 Nxa4 26. Qd2 Nc3 27. Nxc3 bxc3 28. Qxc3 Rb8 29. Bxa7 Bg5 30. Be3 Bxe3 31. Qxe3 Rxb3 32. Rd3 Rxd3 33. exd3 Qb7 34. Qe4 Qb2 35. Rf1 Rf6 36. Qd5+ Kh7 37. Qe4+ Kg8 38. Qa8+ Kf7 39. Qc8 Qe2 40. Qxh3 Qxd3 41. Qd7+ Kg6 42. c5 e4 43. Qg4+ Kh6 44. Re1 d5 45. h4 Qd2 46. Rf1 Rg6 47. Qf5 Qc3 48. Qf4+ Kh7 49. Rc1 Qb2 50. Qe3 d4 51. Qe1 e3 52. Rd1 Qb3 53. fxe3 dxe3 54. Rd6 Rg4 55. Rb6 Qd3 56. Rb2 Qd4 57. Rc2 Qe5 58. Qb1 g6 59. Re2 Qxg3+ 0-1

[Event "Walton Rating Tournament 2023"]
[Site "Dhaka"]
[Date "2024.01.04"]
[Round "8.5"]
[White "Swarnavo Choudhury"]
[Black "Sakline Mostafa, Sajid"]
[Result "0-1"]
[ECO "B21"]
[WhiteElo "2056"]
[BlackElo "2110"]
[Annotator "RC"]
[PlyCount "92"]
[EventDate "2023.12.30"]
[EventType "swiss"]
[EventCountry "BAN"]
[SourceTitle "playchess.com"]
[Source "ChessBase"]
[SourceQuality "1"]
[TimeControl "5400+30"]

1. e4 c5 2. d4 cxd4 3. c3 dxc3 4. Nxc3 e6 5. Nf3 a6 6. Bc4 b5 7. Bb3 Bb7 8. Qe2 Ne7 9. O-O Ng6 10. Rd1 Be7 11. Be3 O-O 12. Rac1 Nc6 13. Rc2 d6 14. Rcd2 Qc7 15. h4 Nxh4 16. Nxh4 Bxh4 17. Rxd6 Rad8 18. Bf4 Qe7 19. Qh5 b4 20. Na4 e5 21. Rxd8 Rxd8 22. Rxd8+ Nxd8 23. Qxe5 Qxe5 24. Bxe5 Be7 25. f3 Bc6 26. Bd4 Nb7 27. Kf2 Kf8 28. Ke3 Na5 29. Nc5 Bb5 30. Bd5 Nc4+ 31. Bxc4 Bxc4 32. a3 bxa3 33. bxa3 f6 34. a4 Ke8 35. f4 h5 36. g3 g6 37. f5 Kf7 38. Nd3 Bb3 39. fxg6+ Kxg6 40. e5 fxe5 41. Nxe5+ Kf5 42. Nf3 Bxa4 43. Bb6 Bd6 44. Kf2 Kg4 45. Nh2+ Kh3 46. Kf3 Bc6+ 0-1

[Event "Walton Rating Tournament 2023"]
[Site "Dhaka"]
[Date "2024.01.04"]
[Round "8.6"]
[White "Hasan, Sk. Rashedul"]
[Black "Anata, Choudhury"]
[Result "0-1"]
[ECO "B23"]
[WhiteElo "1807"]
[BlackElo "2196"]
[Annotator "RC"]
[PlyCount "70"]
[EventDate "2023.12.30"]
[EventType "swiss"]
[EventCountry "BAN"]
[SourceTitle "playchess.com"]
[Source "ChessBase"]
[SourceQuality "1"]
[TimeControl "5400+30"]

1. e4 c5 2. Nc3 Nc6 3. f4 g6 4. Nf3 Bg7 5. Bb5 Nd4 6. O-O a6 7. Bc4 e6 8. d3 Ne7 9. Nxd4 cxd4 10. Ne2 d5 11. Bb3 dxe4 12. dxe4 Qb6 13. Kh1 Bd7 14. Ng3 h5 15. f5 h4 16. fxe6 Bxe6 17. Ne2 h3 18. g3 Bxb3 19. axb3 Rc8 20. Ra4 Qc6 21. Rxd4 Bxd4 22. Qxd4 Rh5 23. c4 Rd8 24. Qe3 f5 25. Nf4 fxe4 26. Nxh5 gxh5 27. Kg1 Rd3 28. Qg5 Qb6+ 29. c5 Qg6 30. Qe5 Kd7 31. Bf4 Qc6 32. Qxh5 Qe6 33. Bd6 e3 34. Bxe7 e2 35. Bd6 Qe3+ 0-1

[Event "Walton Rating Tournament 2023"]
[Site "Dhaka"]
[Date "2024.01.05"]
[Round "9.1"]
[White "Rahman, Ziaur"]
[Black "Manon, Reja Neer"]
[Result "1-0"]
[ECO "D45"]
[WhiteElo "2436"]
[BlackElo "2243"]
[Annotator "RC"]
[PlyCount "95"]
[EventDate "2023.12.30"]
[EventType "swiss"]
[EventCountry "BAN"]
[SourceTitle "playchess.com"]
[Source "ChessBase"]
[SourceQuality "1"]
[TimeControl "5400+30"]

1. c4 c6 2. Nf3 d5 3. e3 Nf6 4. Nc3 e6 5. b3 Nbd7 6. Bb2 Bd6 7. d4 O-O 8. Be2 b6 9. O-O Bb7 10. Qc2 Qe7 11. a4 c5 12. a5 cxd4 13. exd4 e5 14. dxe5 Nxe5 15. Nb5 dxc4 16. Nxd6 Nxf3+ 17. Bxf3 Bxf3 18. Nxc4 Qe4 19. Qc3 Be2 20. Rfe1 Qd3 21. Qc1 Bh5 22. Re3 Qf5 23. Re5 Qd3 24. Rg5 Bg6 25. Rg3 Qe2 26. Bxf6 gxf6 27. h4 b5 28. Ne3 Rac8 29. Qa3 Rfe8 30. Qd6 Qb2 31. Rd1 Qe5 32. Qxe5 Rxe5 33. Ng4 Rec5 34. Rd7 f5 35. Nf6+ Kg7 36. Nh5+ Kh6 37. Nf4 R8c7 38. Rxc7 Rxc7 39. h5 Bxh5 40. Rh3 Kg5 41. Nxh5 f4 42. g3 f3 43. Nf4 Rc1+ 44. Kh2 Rc2 45. Rh5+ Kg4 46. Rh4+ Kf5 47. Nh3 Rc3 48. Rh5+ 1-0

[Event "Walton Rating Tournament 2023"]
[Site "Dhaka"]
[Date "2024.01.05"]
[Round "9.2"]
[White "Sakline Mostafa, Sajid"]
[Black "Ahmed, Sheikh Nasir"]
[Result "1-0"]
[ECO "E15"]
[WhiteElo "2110"]
[BlackElo "2193"]
[Annotator "RC"]
[PlyCount "113"]
[EventDate "2023.12.30"]
[EventType "swiss"]
[EventCountry "BAN"]
[SourceTitle "playchess.com"]
[Source "ChessBase"]
[SourceQuality "1"]
[TimeControl "5400+30"]

1. d4 Nf6 2. c4 e6 3. Nf3 b6 4. g3 Ba6 5. b3 Bb4+ 6. Bd2 Be7 7. Bg2 O-O 8. O-O d5 9. cxd5 exd5 10. Nc3 c5 11. dxc5 bxc5 12. Bg5 Bb7 13. Ne5 Ne4 14. Nxe4 dxe4 15. Qxd8 Bxd8 16. Bxd8 Rxd8 17. Rfd1 Na6 18. Nc4 f5 19. Nd6 Bc8 20. Bh3 g6 21. Nxe4 Rxd1+ 22. Rxd1 fxe4 23. Rd8+ Kg7 24. Bxc8 Nb4 25. Rd7+ Kf6 26. Bb7 Re8 27. Rxh7 Nxa2 28. Bc6 Re5 29. Rxa7 Nc1 30. Ra6 Re6 31. Bb5 Rxa6 32. Bxa6 Nxb3 33. Kf1 g5 34. Ke1 Ke5 35. e3 Kd5 36. Kd1 c4 37. h4 Nc5 38. h5 Ke5 39. Bxc4 Kf6 40. g4 Nd7 41. Kc2 Ne5 42. Be2 Nf7 43. Kc3 Ke5 44. Kc4 Nh6 45. Kc5 Ng8 46. Kc6 Nf6 47. h6 Ke6 48. Kc5 Kf7 49. Kd6 Kg6 50. Ke5 Ng8 51. Kxe4 Kxh6 52. Kf5 Ne7+ 53. Ke6 Ng6 54. Kf6 Nf8 55. Bb5 Ng6 56. Bc6 Nh4 57. f4 1-0